 Dungeon Crawl Stone Soup version 0.30-a0-800-g7c544603b3 (webtiles) character file.

Game seed: 5701977143602221185

136 Darius099 the Shield-Bearer (level 4, -3/41 HPs)
             Began as a Minotaur Fighter on Feb 22, 2023.
             Slain by a gnoll
             ... wielding a +0 flail
              (4 damage)
             ... on level 3 of the Dungeon.
             The game lasted 00:02:32 (1789 turns).

Darius099 the Shield-Bearer (Minotaur Fighter)      Turns: 1789, Time: 00:02:32

Health: -3/41      AC:  8    Str: 23    XL:     4   Next: 98%
Magic:  3/3        EV:  9    Int:  5    God:
Gold:   89         SH:  4    Dex:  9    Spells: 3/3 levels left

rFire   . . .      SeeInvis .    a - +0 war axe
rCold   . . .      Faith    .    c - +0 buckler
rNeg    . . .      Spirit   .    b - +0 scale mail
rPois   .          Reflect  .    (helmet restricted)
rElec   .          Harm     .    (no cloak)
rCorr   .          Rampage  .    p - +0 pair of gloves
Will    .....                    (no boots) Stlth
                                 j - amulet of the acrobat
HPRegen 0.26/turn                (no ring)
MPRegen 0.08/turn                (no ring)

@: no status effects
A: horns 2, retaliatory headbutt
a: no special abilities


You were on level 3 of the Dungeon.
You visited 1 branch of the dungeon, and saw 3 of its levels.

You collected 89 gold pieces.

Inventory:

Hand Weapons
 a - a +0 war axe (weapon)
Armour
 b - a +0 scale mail (worn)
 c - a +0 buckler (worn)
 p - a +0 pair of gloves (worn)
Jewellery
 j - an amulet of the acrobat (around neck)
Wands
 q - a wand of light (4)
 r - a wand of polymorph (14)
Scrolls
 e - 6 scrolls of identify {unknown}
 f - a scroll of immolation {unknown}
 g - a scroll of teleportation {unknown}
 h - a scroll of poison {unknown}
 m - 3 scrolls of torment {unknown}
 n - a scroll of fog {unknown}
 o - a scroll of amnesia {unknown}
 s - a scroll of noise {unknown}
Potions
 d - a potion of might
 i - a potion of mutation {unknown}
 k - a potion of curing {unknown}
 l - a potion of brilliance {unknown}


   Skills:
 + Level 4.6 Fighting
 + Level 3.7 Axes
 + Level 4.6 Armour
 + Level 4.6 Shields


You had 3 spell levels left.
You didn't know any spells.
Your spell library contained the following spells:

 Spells                   Type           Power      Damage    Failure   Level
 Ozocubu's Armour         Ice            0%         N/A       99%         3
 Metabolic Englaciation   Hex/Ice        0%         N/A       100%        5
 Simulacrum               Ice/Necr       0%         N/A       100%        6


Dungeon Overview and Level Annotations

Branches:
Dungeon (3/15)

Altars:
Fedhas

Annotations:
D:3 Natasha


Innate Abilities, Weirdness & Mutations

You have a pair of horns on your head.
You reflexively headbutt those who attack you in melee.


Message History

The grasping roots constrict you. The white imp gestures at you.
The puff of frost hits you! The gnoll closely misses you.
You hear a shout!
You escape the roots grasp.
Things that are here:
a +0 whip; a gnoll corpse You hit the gnoll but do no damage.
You headbutt the gnoll.
The gnoll is moderately wounded.
You slash the gnoll! The white imp gestures at you.
The puff of frost hits you but does no damage.
Natasha barely misses you. The gnoll hits you but does no damage.
A kobold comes into view.
It is wielding a +0 dagger and quivering poisoned darts.
The gnoll hits you with a +0 flail!
You are too injured to fight recklessly!
You closely miss the gnoll.
The gnoll is almost dead.
The kobold shouts!
You hit the gnoll. You closely miss Natasha. The white imp gestures at you.
The puff of frost misses you.
Natasha stares at you and mumbles some strange words.
The magic dart hits you. The gnoll barely misses you. The gnoll misses you.
You slash the gnoll!
You kill the gnoll!
You completely miss the gnoll. You hit Natasha but do no damage.
The white imp gestures at you. The puff of frost hits you!
* * * LOW HITPOINT WARNING * * *
Natasha closely misses you. The gnoll hits you but does no damage.
Natasha barely misses you. You block the gnoll's attack.
You completely miss the gnoll.
The gnoll is heavily wounded.
You closely miss Natasha. You barely miss the white imp.
The white imp hits you but does no damage.
Natasha claws you.
* * * LOW HITPOINT WARNING * * *
The gnoll hits you with a +0 flail.
You die...

###.#####
#...........
#>......#
#...........
##.####)#######
#####.......
#........#....
........
#........#.⌠8
.#####..
#........#.8# ....
#........#..# ....
#........#8g# .
....
#........#@)#....
...#
#.........5h......
..#
#.........K.......
#
#......(...?......
#
########.........
# #.........
..........
..######'# ..#


You could see Natasha, a gnoll, a white imp (summoned) and a kobold.

Vanquished Creatures
  Natasha (D:3)
  2 gnolls (D:3)
  3 adders
  A worm (D:2)
  3 dart slugs (D:1)
  2 ball pythons
  5 bats
  6 endoplasms
  3 giant cockroaches
  3 goblins
  3 hobgoblins
  9 jackals
  2 quokkas (D:1)
  4 frilled lizards
  6 kobolds
  3 rats
56 creatures vanquished.

Notes
Turn   | Place    | Note
-------+----------+-------------------------------------------
     0 | D:1      | Darius099 the Minotaur Fighter began the quest for the Orb.
     0 | D:1      | Reached XP level 1. HP: 19/19 MP: 0/0
   127 | D:1      | Reached XP level 2. HP: 12/27 MP: 1/1
   396 | D:1      | Found a faded altar of an unknown god.
   418 | D:1      | Reached XP level 3. HP: 33/33 MP: 2/2
   851 | D:2      | Identified the +5 hand axe of the Hand {flame, *Noise rElec
                  | Str+5 Int+2}
  1237 | D:2      | Reached XP level 4. HP: 39/40 MP: 3/3
  1655 | D:3      | Noticed Natasha
  1657 | D:3      | Found a blossoming altar of Fedhas.
  1658 | D:3      | Killed Natasha
  1781 | D:3      | Noticed Natasha
  1789 | D:3      | HP: 1/41 [Natasha (3)]
  1789 | D:3      | Slain by a gnoll

Illustrated notes

Levels and vault maps discovered:
D:1:      kennysheep_arrival_forest, layout_basic, basic_ecumenical_altar
D:2:      minmay_chambers_of_ones, layout_basic, minmay_pentomino_r2
D:3:      layout_basic, nicolae_overflow_crystal_walls, fedhas_altar_1,
          serial_shops, shop, minmay_misc_feat_enclosed,
          chequers_decorated_corner, kennysheep_small_spiral,
          chequers_serial_rivers_small_b, uniq_natasha

Skill      XL: |  1  2 |
---------------+-------+-----
Fighting       | 4 |  4.6
Shields        | 4 |  4.6
Armour         | 4 |  4.6
Axes           | 3 |  3.7

Action                     |  1- 3 |  4- 6 || total
---------------------------+-------+-------++-------
  Melee: War axe           |    74 |    32 ||   106
         Headbutt          |    11 |     4 ||    15
 Armour: Scale mail        |    37 |    15 ||    52
  Dodge: Dodged            |    36 |    36 ||    72
  Block: Buckler           |    17 |    14 ||    31

Table legend: (Time is in decaauts)
 A = Elapsed time spent in this place.
 B = Non-inter-level travel time spent in this place.
 C = Inter-level travel time spent in this place.
 D = Time resting spent in this place.
 E = Time spent auto-exploring this place.
 F = Levels seen in this place.
 G = Mean time per level.
                   A        B        C        D        E       F      G
               +--------+--------+--------+--------+--------+-----+--------+
         Total |   1830 |   1777 |     53 |      0 |   1439 |   3 |  610.0 |
       Dungeon |   1830 |   1777 |     53 |      0 |   1439 |   3 |  610.0 |
               +--------+--------+--------+--------+--------+-----+--------+

Top non-repeatable levels by time:
     D:1: 836 daAuts
     D:2: 680 daAuts
     D:3: 313 daAuts
